 Dungeon Crawl Stone Soup version 0.13-a0-3016-gcb2faac (webtiles) character file.

4671 PolkaDot the Thaumaturge (level 10, -3/63 HPs)
             Began as a Vampire Venom Mage on Sept 10, 2013.
             Was an Elder of Vehumet.
             Slain by a wolf (8 damage)
             ... led by Grum
             ... on Level 7 of the Dungeon.
             The game lasted 01:20:24 (8374 turns).

PolkaDot the Thaumaturge (Vampire Venom Mage)       Turns: 8374, Time: 01:20:24

HP  -3/63        AC  8     Str 12      XL: 10   Next: 14%
MP   2/26        EV 12     Int 20      God: Vehumet [****..]
Gold 261         SH  0     Dex 14      Spells:  7 memorised,  6 levels left

Res.Fire  : . . .   See Invis. : +   F - +3,+2 elf short sword (speed)
Res.Cold  : . . .   Warding    : +   z - +2 robe {MR+}
Life Prot.: + . .   Conserve   : .   (no shield)
Res.Poison: .       Res.Corr.  : .   H - +2 wizard hat
Res.Elec. : .       Clarity    : .   p - +1 dwarf cloak
Sust.Abil.: . .     Spirit.Shd : .   (no gloves)
Res.Mut.  : .       Stasis     : .   (no boots)
Res.Rott. : .       Flight     : .   y - amulet of warding
Saprovore : . . .                    k - ring of protection from magic
                                     f - ring of sustenance

@: regenerating very quickly, mighty, very slightly contaminated, hasted, very
quick, very resistant to hostile enchantments, stealthy
A: bottle blood, fangs 3, see invisible, unbreathing
a: Bottle Blood, Renounce Religion


You were on level 7 of the Dungeon.
You worshipped Vehumet.
Vehumet was extremely pleased with you.
You were almost alive.

You visited 1 branch of the dungeon, and saw 8 of its levels.

You collected 295 gold pieces.
You spent 54 gold pieces at shops.

Inventory:

Hand weapons
 i - a +2,+0 glaive of freezing
 F - a +3,+2 elven short sword of speed (weapon)
Armour
 p - a +1 dwarven cloak (worn)
 z - a +2 robe of magic resistance (worn)
 H - a +2 wizard hat (worn)
Magical devices
 q - a wand of slowing (2)
 J - a wand of polymorph (12) {unknown}
Scrolls
 a - a scroll of curse jewellery {unknown}
 e - a scroll of amnesia
 l - 4 scrolls of enchant weapon II
 m - 2 scrolls of magic mapping {unknown}
 n - a scroll of curse weapon {unknown}
 o - 3 scrolls of identify
 w - a scroll of teleportation
 A - a scroll of immolation {unknown}
 B - a scroll of blinking {unknown}
 C - 3 scrolls of remove curse
 E - a scroll of enchant weapon I {unknown}
 I - a scroll of fear
 L - 2 scrolls of recharging {unknown}
Jewellery
 f - a ring of sustenance (left hand)
 k - a ring of protection from magic (right hand)
 y - an amulet of warding (around neck)
Potions
 d - a potion of cure mutation
 g - 13 potions of blood
 j - a potion of restore abilities
 u - a potion of paralysis
 v - a potion of brilliance
 D - 2 potions of berserk rage
Books
 b - a Young Poisoner's Handbook

   Spells                             Type                      Level
   *Sting                             Conjuration/Poison           1
   *Cure Poison                       Poison                       2
   *Mephitic Cloud                    Conjuration/Poison/Air       3
   *Olgreb's Toxic Radiance           Poison                       4
   *Venom Bolt                        Conjuration/Poison           5
 r - Vehumet's Volume of Combat Magic
   (You found it on level 2 of the Dungeon)

   Spells                             Type                      Level
   Magic Dart                         Conjuration                  1
 s - Sif Muna's Collected Works on Battle Magic
   (You found it on level 2 of the Dungeon)

   Spells                             Type                      Level
   *Sting                             Conjuration/Poison           1
 t - Kikubaaqudgha's Papyrus of Sinister Magic
   (You found it on level 2 of the Dungeon)

   Spells                             Type                      Level
   Pain                               Necromancy                   1
 x - a book of Beasts

   Spells                             Type                      Level
   Summon Butterflies                 Summoning                    1
   Sticks to Snakes                   Transmutation                2
   Call Canine Familiar               Summoning                    3
   Ice Form                           Ice/Transmutation            4
   Summon Ice Beast                   Ice/Summoning                4
   Summon Hydra                       Summoning                    7


   Skills:
 - Level 2.1 Dodging
 - Level 3.0 Stealth
 * Level 8.5 Spellcasting
 - Level 2.6 Conjurations
 + Level 5.1 Ice Magic
 + Level 5.9 Air Magic
 + Level 7.7 Poison Magic


You had 6 spell levels left.
You knew the following spells:

 Your Spells              Type           Power        Failure   Level  Hunger
a - Static Discharge      Conj/Air       ####....     1%          3    None
b - Sting                 Conj/Pois      ####         1%          1    None
d - Olgreb's Toxic Radia  Pois           #####...     1%          4    ###....
f - Mephitic Cloud        Conj/Pois/Air  ####....     1%          3    None
q - Cure Poison           Pois           #####.....   1%          2    None
s - Venom Bolt            Conj/Pois      ####......   9%          5    ####...
z - Throw Frost           Conj/Ice       ###...       1%          2    None


Dungeon Overview and Level Annotations

Branches:
Dungeon (8/27)             Temple (0/1) D:5             Orc (0/4) D:8
   Lair: D:8-13

Altars:
Cheibriados
Fedhas
Kikubaaqudgha
Nemelex Xobeh
Sif Muna
Vehumet
the Shining One

Shops:
D:6 }   D:7 [/}!=   D:8 }

Annotations:
D:8 Grum


Innate Abilities, Weirdness & Mutations

Your natural rate of healing is extremely fast.
You can bottle blood from corpses.
You have razor-sharp teeth.*
You have supernaturally acute eyesight.
You can survive without breathing.*


Message History

There is an escape hatch in the ceiling here.
The wolf closely misses you. A mysterious force pulls you upwards.
The hatch slams shut behind you.
Casting: Venom Bolt
Confirm with . or Enter, or press ? or * to list all spells.
Aiming: Sting
Press: ? - help, Shift-Dir - straight line, f - wolf
Aim: a wolf (severely wounded)
The sting hits the wolf.
The wolf is poisoned.
The wolf is severely wounded.
The wolf bites you!
* * * LOW HITPOINT WARNING * * *
Drink which item? (? for menu, Esc to quit)
Okay, then.
The wolf looks more healthy.
The wolf bites you.
* * * LOW HITPOINT WARNING * * *
Drink which item? (? for menu, Esc to quit)
Yummy - fresh blood!
The wolf bites you!
You die...

####### ################._...#
.....................#
################.....#
#########...# #.....#
.......##...####.....############
.......##.......@h...............
............[....................
.......##...####.....########....
.......##...# #.....# #....
.......###### ####.## #....
....###### #.# #.... .........##
#.# ##### ....##....#
####.########## #
.....#....######.............####


You could see a wolf.

Vanquished Creatures
  Gastronok (D:8)
  Psyche (D:8)
  A wyvern (D:8)
  Eustachio (D:7)
  A wolf (D:8)
  A human (D:7)
  A sky beast (D:6)
  5 ogres
  A black bear (D:7)
  A centaur (D:8)
  A phantom (D:7)
  Sigmund (D:5)
  Duvessa (D:6)
  3 giant frogs
  Blork the orc (D:4)
  A jelly (D:6)
  Dowan (D:6)
  A goliath beetle (D:7)
  4 crimson imps
  2 scorpions
  A centaur skeleton (D:6)
  A hound (D:6)
  An orc priest (D:4)
  6 worker ants
  An iguana (D:6)
  8 orc wizards
  2 orange rats (D:5)
  4 sheep (D:7)
  A mummy (D:6)
  11 green rats
  9 adders
  6 gnolls
  A giant mite (D:8)
  A goliath beetle zombie (D:7)
  3 worms
  A giant eyeball (D:8)
  4 oozes
  29 orcs
  18 goblins
  8 grey rats
  12 hobgoblins
  18 jackals
  16 kobolds
  4 quokkas
  A ball python (D:5)
  19 bats
  5 giant cockroaches
  5 giant geckos
  A giant gecko skeleton (D:7)
  A giant gecko zombie (D:6)
  4 giant newts
  A goblin skeleton (D:4)
  A jackal skeleton (D:4)
  A jackal zombie (D:5)
  A kobold skeleton (D:6)
  A kobold zombie (D:8)
  29 rats
  A rat skeleton (D:4)
267 creatures vanquished.

Vanquished Creatures (others)
  An orc (D:6)
1 creature vanquished.

Grand Total: 268 creatures vanquished

Notes
Turn   | Place    | Note
--------------------------------------------------------------
     0 | D:1      | PolkaDot, the Vampire Venom Mage, began the quest for the Orb.
     0 | D:1      | Reached XP level 1. HP: 13/13 MP: 4/4
   210 | D:1      | Reached skill level 1 in Conjurations
   241 | D:1      | Reached XP level 2. HP: 19/19 MP: 1/5
  1333 | D:2      | Reached XP level 3. HP: 24/24 MP: 4/6
  1403 | D:2      | Found a blossoming altar of Fedhas.
  2294 | D:2      | Found a radiant altar of Vehumet.
  2298 | D:2      | Identified Vehumet's Volume of Combat Magic
  2303 | D:2      | Found a deep blue altar of Sif Muna.
  2308 | D:2      | Identified Sif Muna's Collected Works on Battle Magic
  2312 | D:2      | Found an ancient bone altar of Kikubaaqudgha.
  2316 | D:2      | Identified Kikubaaqudgha's Papyrus of Sinister Magic
  2327 | D:2      | Learned a level 2 spell: Cure Poison
  2337 | D:2      | Became a worshipper of Vehumet
  2495 | D:2      | Reached XP level 4. HP: 25/30 MP: 2/8
  2611 | D:2      | Reached skill level 4 in Poison Magic
  3190 | D:3      | Acquired Vehumet's first power
  3190 | D:3      | Offered knowledge of Flame Tongue by Vehumet.
  3196 | D:3      | Reached XP level 5. HP: 28/35 MP: 1/9
  3643 | D:4      | Learned a level 3 spell: Mephitic Cloud
  3968 | D:4      | Noticed an ogre
  3977 | D:4      | Killed an ogre
  3977 | D:4      | Reached skill level 1 in Air Magic
  3977 | D:4      | Reached skill level 5 in Poison Magic
  3977 | D:4      | Reached XP level 6. HP: 24/41 MP: 5/13
  4103 | D:4      | Learned a level 4 spell: Olgreb's Toxic Radiance
  4197 | D:4      | Offered knowledge of Throw Frost by Vehumet.
  4374 | D:4      | Noticed Blork the orc
  4408 | D:4      | Killed Blork the orc
  4537 | D:4      | Reached XP level 7. HP: 39/46 MP: 10/16
  4776 | D:5      | Entered Level 5 of the Dungeon
  4936 | D:5      | Found a snail-covered altar of Cheibriados.
  5016 | D:5      | Learned a level 2 spell: Throw Frost
  5131 | D:5      | Offered knowledge of Inner Flame by Vehumet.
  5181 | D:5      | Acquired Vehumet's second power
  5210 | D:5      | Reached skill level 1 in Ice Magic
  5441 | D:5      | Found a staircase to the Ecumenical Temple.
  5491 | D:5      | Noticed Sigmund
  5499 | D:5      | Killed Sigmund
  5585 | D:6      | Reached XP level 8. HP: 52/52 MP: 17/19
  5606 | D:6      | Reached skill level 5 in Spellcasting
  5606 | D:6      | Reached skill level 6 in Poison Magic
  5616 | D:6      | Learned a level 5 spell: Venom Bolt
  5702 | D:6      | Found Abass' Gadget Shop.
  5738 | D:6      | Offered knowledge of Iskenderun's Mystic Blast by Vehumet.
  5763 | D:6      | Noticed Duvessa
  5765 | D:6      | Noticed Dowan
  5766 | D:6      | Killed Duvessa
  5774 | D:6      | Killed Dowan
  6016 | D:6      | Found a glowing golden altar of the Shining One.
  6359 | D:6      | Acquired Vehumet's third power
  6434 | D:7      | Found Yxat's Jewellery Emporium.
  6436 | D:7      | Found Ulesm's Distillery.
  6484 | D:7      | Bought a potion of brilliance for 30 gold pieces
  6484 | D:7      | Bought a potion of degeneration for 24 gold pieces
  6554 | D:7      | Found Preaf's Magical Wand Shop.
  6584 | D:7      | Found Guecsumn's Armour Shop.
  6585 | D:7      | Offered knowledge of Static Discharge by Vehumet.
  6594 | D:7      | Found Tenevefe's Gadget Emporium.
  6809 | D:7      | Found a sparkling altar of Nemelex Xobeh.
  7104 | D:7      | Reached XP level 9. HP: 47/57 MP: 20/22
  7109 | D:7      | Learned a level 3 spell: Static Discharge
  7110 | D:7      | Noticed Eustachio
  7169 | D:7      | Killed Eustachio
  7539 | D:8      | Reached skill level 7 in Spellcasting
  7762 | D:8      | Paralysed by a giant eyeball for 4 turns
  7766 | D:8      | Found Ghuefopp's Gadget Shop.
  7769 | D:8      | Paralysed by a giant eyeball for 2 turns
  7850 | D:8      | Noticed Gastronok
  7856 | D:8      | Noticed Psyche
  7872 | D:8      | Killed Psyche
  7872 | D:8      | Reached skill level 5 in Air Magic
  8094 | D:8      | Killed Gastronok
  8094 | D:8      | Reached skill level 8 in Spellcasting
  8094 | D:8      | Reached skill level 5 in Ice Magic
  8094 | D:8      | Reached XP level 10. HP: 45/63 MP: 23/25
  8198 | D:8      | Found a staircase to the Orcish Mines.
  8346 | D:8      | Noticed Grum
  8358 | D:7      | HP: 3/63 [wolf[Grum] (9)]
  8374 | D:7      | Slain by a wolf

Action                   |  1- 3 |  4- 6 |  7- 9 | 10-12 || total
-------------------------+-------+-------+-------+-------++-------
Melee: Unarmed           |     7 |       |       |       ||     7
       Short sword       |    56 |    98 |   129 |    13 ||   296
       Dagger            |       |     3 |    22 |       ||    25
       Glaive            |       |       |    52 |       ||    52
 Cast: Sting             |    82 |   131 |   275 |    24 ||   512
       Cure Poison       |       |     1 |    19 |       ||    20
       Mephitic Cloud    |       |     3 |     2 |       ||     5
       Throw Frost       |       |       |    29 |     3 ||    32
       Olgreb's Toxic Ra |       |       |    13 |       ||    13
       Venom Bolt        |       |       |     8 |     4 ||    12
       Static Discharge  |       |       |     5 |       ||     5
 Abil: Bottle Blood      |       |     5 |    23 |     2 ||    30
  Use: Potion            |     1 |     7 |    21 |     6 ||    35
       Scroll            |       |    12 |     3 |     1 ||    16
 Stab: Distracted        |     1 |       |       |       ||     1
       Sleeping          |       |     4 |     5 |       ||     9
       Confused          |       |     2 |       |       ||     2
       Invisible         |       |       |     1 |       ||     1
